 Dungeon Crawl Stone Soup version 0.17-a0-1769-g54adf96 (webtiles) character file.

156 Medved the Gusty (level 4, 0/33 HPs)
             Began as a Demigod Air Elementalist on Sept 7, 2015.
             Slain by a worker ant (6 damage)
             ... on level 3 of the Dungeon.
             The game lasted 00:11:00 (2951 turns).

Medved the Gusty (Demigod Air Elementalist)         Turns: 2951, Time: 00:11:00

Health: 0/33       AC:  2    Str: 11    XL:     4   Next: 91%
Magic:  2/10       EV: 13    Int: 21    God:
Gold:   98         SH:  0    Dex: 16    Spells: 3 memorised, 3 levels left

rFire  . . .     SeeInvis .     (no weapon)
rCold  . . .     Clarity  .     a - +0 robe
rNeg   . . .     SustAt   +     (no shield)
rPois  .         Gourm    .     (no helmet)
rElec  .         Spirit   .     (no cloak)
rCorr  .         Warding  .     (no gloves)
rMut   .         Stasis   .     (no boots)
MR     .....                    (no amulet)
Stlth  ++........               (no ring)
                                (no ring)

@: very slightly contaminated, not resistant to hostile enchantments, unstealthy
A: high mp 1, sustain attributes
a: no special abilities


You were on level 3 of the Dungeon.
You were not hungry.

You visited 1 branch of the dungeon, and saw 3 of its levels.

You collected 98 gold pieces.

Inventory:

Armour
 a - a +0 robe (worn)
Jewellery
 f - a +2 ring of strength {unknown}
 m - an uncursed amulet of warding {unknown}
Scrolls
 d - 2 scrolls of remove curse {unknown}
 e - a scroll of identify {unknown}
 i - 3 scrolls of enchant armour {unknown}
 l - a scroll of magic mapping {unknown}
 n - a scroll of fog {unknown}
 o - a scroll of teleportation {unknown}
Potions
 g - a potion of cancellation {unknown}
 j - a potion of heal wounds {unknown}
 p - a potion of poison {unknown}
 r - a potion of brilliance {unknown}
 s - a potion of lignification {unknown}
Books
 b - a book of Air

   Spells                             Type                      Level
   a - Shock                          Conjuration/Air              1
   b - Swiftness                      Charms/Air                   2
   c - Repel Missiles                 Charms/Air                   2
   d - Static Discharge               Conjuration/Air              3
   e - Lightning Bolt                 Conjuration/Air              5
 h - a book of Frost

   Spells                             Type                      Level
   a - Freeze                         Ice                          1
   b - Throw Frost                    Conjuration/Ice              2
   c - Ozocubu's Armour               Charms/Ice                   3
   d - Throw Icicle                   Conjuration/Ice              4
   e - Summon Ice Beast               Ice/Summoning                4
   f - Condensation Shield            Ice                          4
 q - a book of Fire

   Spells                             Type                      Level
   a - Ignite Poison                  Fire/Transmutation/Poison    3
   b - Fireball                       Conjuration/Fire             5
   c - Bolt of Fire                   Conjuration/Fire             6
   d - Delayed Fireball               Conjuration/Fire             7
   e - Ring of Flames                 Charms/Fire                  7
Comestibles
 c - 3 bread rations
 k - a meat ration
 t - a chunk of flesh


   Skills:
 + Level 2.1 Dodging
 - Level 1.7 Stealth
 + Level 2.4 Spellcasting
 + Level 1.9 Conjurations
 * Level 1.0 Ice Magic
 * Level 4.1 Air Magic


You had 3 spell levels left.
You knew the following spells:

 Your Spells              Type           Power        Failure   Level  Hunger
a - Shock                 Conj/Air       ###.         4%          1    None
b - Swiftness             Chrm/Air       ##......     12%         2    ##.....
c - Freeze                Ice            #...         12%         1    None


Dungeon Overview and Level Annotations

Branches:
Dungeon (3/15)


Innate Abilities, Weirdness & Mutations

You have an increased reservoir of magic (+10% MP).
Your attributes are resistant to harm.


Message History

Found a meat ration.
The orc closely misses you. The orc hits you.
A worker ant comes into view.
A puff of flame appears from out of thin air!
The puff of flame hits the orc.
The orc dies!
The orc wizard casts a spell at you. The magic dart hits you!
A puff of flame appears from out of thin air!
The puff of flame hits the orc wizard.
The orc wizard dies!
Your Ice Magic skill increases to level 1!
The worker ant closely misses you.
A puff of flame appears from out of thin air!
The puff of flame misses the orc.
The puff of flame hits the worker ant.
The worker ant bites you.
* * * LOW HITPOINT WARNING * * *
The worker ant bites you.
You die...

#######...#.(....###
#####.......#..#####..).
#...#.......##.# ###..
#...#.......##.# #...#
#...#.......##.. ....###
#..<#.......... ..###
#...........### #.
#...#.......## #
#...#.<@a....#
#...#........##
#...#.........#
##...#######..####..
###..# #o....... ##.#
#..>.....
#.######o###....
#...##...# ...
###.#..#.###...##


You could see a worker ant.

Vanquished Creatures
  An ogre (D:3)
  An adder (D:3)
  2 worms
  A giant gecko (D:3)
  2 ball pythons
  A giant cockroach (D:1)
  11 goblins
  10 hobgoblins
  9 kobolds
  5 bats
  A giant newt (D:1)
  6 rats
50 creatures vanquished.

Vanquished Creatures (others)
  An orc wizard (D:3)
  An orc (D:3)
2 creatures vanquished.

Grand Total: 52 creatures vanquished

Notes
Turn   | Place    | Note
--------------------------------------------------------------
     0 | D:1      | Medved the Demigod Air Elementalist began the quest for the Orb.
     0 | D:1      | Reached XP level 1. HP: 14/14 MP: 5/5
   242 | D:1      | Reached skill level 3 in Air Magic
   396 | D:1      | Reached XP level 2. HP: 20/20 MP: 2/7
  1024 | D:1      | Reached skill level 1 in Conjurations
  1497 | D:2      | Reached XP level 3. HP: 26/26 MP: 6/8
  2059 | D:2      | Learned a level 2 spell: Swiftness
  2061 | D:2      | Learned a level 1 spell: Freeze
  2625 | D:3      | Noticed an ogre
  2729 | D:3      | Killed an ogre
  2729 | D:3      | Reached skill level 4 in Air Magic
  2729 | D:3      | Reached XP level 4. HP: 19/33 MP: 2/10
  2944 | D:3      | Reached skill level 1 in Ice Magic
  2951 | D:3      | Slain by a worker ant

Vault maps used:
D:1:      shiori_arrival_maze, minivault_25
D:2:      first_bread
D:3:      grunt_temple_overflow_forces_of_nature,
          grunt_temple_overflow_gold_and_silver

Action                   |  1- 3 |  4- 6 || total
-------------------------+-------+-------++-------
Melee: Unarmed           |     9 |       ||     9
 Cast: Shock             |   132 |    14 ||   146
       Swiftness         |     3 |       ||     3
  Eat: Chunk             |     6 |     1 ||     7
